[Event "Team 45 45 League T40"]
[Site "Internet Chess Club"]
[Date "2009.02.21"]
[Round "4"]
[White "bgolev"]
[Black "Ser-Enigma"]
[Result "1/2-1/2"]
[WhiteElo "1870"]
[BlackElo "2124"]
[Opening "Old Indian defense"]
[ECO "A53"]
[Time "10:37:13"]
[TimeControl "2700+45"]

1. d4 d6 2. c4 Nf6 3. Nc3 Nbd7 4. g3 e5 5. e3 Be7 6. Bg2 O-O 7. Nge2 c6 8. O-O
a5 9. a3 Nb6 10. b3 a4 11. Bd2 exd4 12. exd4 Bf5 13. Nxa4 Nxa4 14. bxa4 Bd3 15.
Rc1 d5 16. c5 Re8 17. Re1 Ne4 18. Bb4 Ba6 19. Nc3 f5 20. f3 Ng5 21. Na2 Bc4 22.
Qc2 Bf6 23. Bc3 Bxa2 24. Qxa2 Rxa4 25. Qb3 Rxe1+ 26. Rxe1 Qa8 27. h4 Rxa3 28.
Qb2 Nf7 29. Re2 g6 30. Kh2 Kg7 31. Qd2 Qa4 32. Bb2 Ra2 33. Bf1 Qb3 34. Qc3 Qxc3
35. Bxc3 Rxe2+ 36. Bxe2 Nd8 37. h5 Ne6 38. Bd1 Bxd4 39. Be1 Bxc5 40. hxg6 hxg6
41. f4 Kf6 42. Kg2 Bd4 43. Kf3 b5 44. g4 fxg4+ 45. Kxg4 Be3 46. Bh4+ g5 47.
fxg5+ Bxg5 48. Bf2 Ke5 49. Bb3 Bd2 50. Bb6 c5 51. Bc2 b4 52. Ba7 Nd4 53. Bb8+
Ke6 54. Bh7 Kd7 55. Ba7 Kc6 56. Bg6 Ne6 57. Kf5 Nc7 58. Bb8 b3 59. Bxc7 Kxc7 60.
Ke5 d4 61. Kd5 Kb6 62. Kc4 b2 63. Be4 Bc3 64. Bb1 Kc6 65. Be4+ Kd6 66. Bh7 Bb4
67. Bb1 Ke5 68. Kd3 Kf4 69. Ba2 Kf3 70. Bd5+ Kf2 71. Ba2 Ke1 72. Kc2 Ke2 73.
Bc4+ Ke3 74. Kxb2 d3 75. Bf7 Kd4 76. Kb3 Ke3 77. Bg6 Ke2 78. Bh5+ Ke1 79. Bg4
Kd2 80. Bf5 Ke3 81. Bg4 Kd4 82. Be6 Bd2 83. Bf7 Bc1 84. Be6 Ke5 85. Bf7 Be3 86.
Kc4 d2 87. Bh5 Ke4 88. Bg6+ Kf3 89. Bh5+ Kf2 90. Kd3 Bg5 91. Kc2 Ke1 92. Bg4
{Game drawn by mutual agreement} 1/2-1/2

[Event "Team 45 45 League T40"]
[Site "Internet Chess Club"]
[Date "2009.02.20"]
[Round "4"]
[White "charles-allen"]
[Black "bobhill"]
[Result "0-1"]
[WhiteElo "1870"]
[BlackElo "2023"]
[Opening "Sicilian"]
[ECO "B50"]
[Time "22:02:33"]
[TimeControl "2700+45"]

1. e4 c5 2. Nf3 d6 3. Bc4 Nc6 4. c3 Nf6 5. d3 g6 6. O-O Bg7 7. Re1 O-O 8. Bb3 b5
9. d4 cxd4 10. Nxd4 Nxd4 11. cxd4 a5 12. e5 dxe5 13. dxe5 Ng4 14. e6 f5 15. Bd5
Ra6 16. Qb3 Rd6 17. Bf3 Ne5 18. Bf4 Nxf3+ 19. gxf3 Rd3 20. Qxb5 Rxf3 21. Be5
Bxe5 22. Qxe5 Qb6 23. Re2 f4 24. Nc3 Rf5 25. Qe4 Bb7 26. Qa4 Bc6 27. Qc4 Rg5+
28. Kf1 Rh3 29. Ne4 Rf5 30. Rc1 Bb5 31. Qc8+ Rf8 32. Qc2 f3 33. Ng5 fxe2+ 34.
Kg2 Rxf2+ 35. Kxh3 Qe3+ 36. Nf3 Qxf3+ 37. Kh4 Rxh2+ 38. Kg5 Rg2+ {White resigns}
0-1

[Event "Team 45 45 League T40"]
[Site "Internet Chess Club"]
[Date "2009.02.23"]
[Round "4"]
[White "Beetlejuice"]
[Black "mcplayerus"]
[Result "0-1"]
[WhiteElo "1854"]
[BlackElo "2067"]
[Opening "King's Indian, 3.Nf3"]
[ECO "E60"]
[Time "14:00:40"]
[TimeControl "2700+45"]

1. d4 Nf6 2. c4 g6 3. Nf3 c5 4. Nc3 Bg7 5. e4 cxd4 6. Nxd4 O-O 7. Be2 Nc6 8. Be3
d6 9. O-O Re8 10. f3 Bd7 11. Rc1 Nxd4 12. Bxd4 Qa5 13. a3 Rec8 14. Qd2 Ne8 15.
Bxg7 Nxg7 16. Qe3 Be6 17. Nd5 Bxd5 18. cxd5 Ne8 19. h3 Nf6 20. Rfd1 Nd7 21. Kf1
Qb6 22. Qd2 Rc5 23. b4 Rcc8 24. Rc3 Rxc3 25. Qxc3 a5 26. Rc1 axb4 27. axb4 h5
28. Qc7 Qe3 29. Qc3 Qf4 30. Kf2 h4 31. Ra1 Rxa1 32. Qxa1 Nf6 33. Qd4 Nh5 34. Qb6
Qf6 35. Bf1 Ng3 36. b5 Qb2+ 37. Kg1 Qc1 38. Qf2 g5 39. f4 gxf4 40. Qf3 Qxf1+ 41.
Qxf1 Nxf1 42. Kxf1 Kg7 43. Ke2 Kg6 44. Kf3 Kg5 45. Ke2 f5 46. Kd3 f3 47. gxf3
Kf4 48. exf5 Kxf3 49. Kd4 Kg3 50. Ke3 Kxh3 51. Kf3 b6 52. Kf2 Kg4 {White
resigns} 0-1

[Event "Team 45 45 League T40"]
[Site "Internet Chess Club"]
[Date "2009.02.22"]
[Round "4"]
[White "kenjr"]
[Black "room-matt"]
[Result "1-0"]
[WhiteElo "1917"]
[BlackElo "1781"]
[Opening "Trompowsky attack (Ruth, Opocenský opening)"]
[ECO "A45"]
[Time "12:04:54"]
[TimeControl "2700+45"]

1. d4 Nf6 2. Bg5 Ne4 3. Bf4 c5 4. f3 Nf6 5. d5 d6 6. e4 Qb6 7. Nc3 Qxb2 8. Bd2
Qb6 9. Rb1 Qc7 10. Nb5 Qd7 11. Ba5 b6 12. Bd2 Qd8 13. Ne2 Nbd7 14. Ng3 g6 15.
Be2 Bg7 16. O-O O-O 17. f4 h6 18. c4 Bb7 19. a4 a6 20. Nc3 Re8 21. Qc2 e5 22. f5
g5 23. h3 Bh8 24. Rb2 Ra7 25. Rfb1 Qc7 26. Qc1 Rb8 27. h4 gxh4 28. Nh5 Nxh5 29.
Bxh5 Nf6 30. Bxh6 Ba8 31. Qg5+ Kh7 32. Bf3 Qd8 33. Qxh4 Bg7 34. Bg5+ Kg8 35. Kf2
Kf8 36. Bh6 Kg8 37. Qg5 Qf8 38. Rxb6 Rab7 39. Rxb7 Rxb7 40. Rxb7 Bxb7 41. a5 Bc8
42. Na4 Nh7 43. Qg3 Kh8 44. Be3 Bh6 45. Qh4 Bxe3+ 46. Kxe3 Qg7 47. Qd8+ Qg8 48.
Qxd6 Qg5+ 49. Ke2 Qg7 50. Nxc5 {Black resigns} 1-0

[Event "Team 45 45 League T40"]
[Site "Internet Chess Club"]
[Date "2009.02.24"]
[Round "4"]
[White "QueensCounselor"]
[Black "andrew28"]
[Result "1-0"]
[WhiteElo "2002"]
[BlackElo "1779"]
[Opening "Sicilian: Najdorf variation"]
[ECO "B98"]
[Time "15:02:31"]
[TimeControl "2700+45"]

1. e4 c5 2. Nf3 d6 3. d4 cxd4 4. Nxd4 Nf6 5. Nc3 a6 6. Bg5 e6 7. f4 Be7 8. Qf3
Qc7 9. O-O-O O-O 10. Bd3 Nbd7 11. Kb1 b5 12. a3 Nc5 13. Bxf6 Bxf6 14. e5 dxe5
15. fxe5 Bb7 16. Bxh7+ Kxh7 17. Qh5+ Kg8 18. exf6 gxf6 19. Qg4+ Kh7 20. Rhf1 Qe5
21. Qh4+ Kg7 22. Rf4 f5 23. Qg5+ {Black resigns} 1-0

[Event "Team 45 45 League T40"]
[Site "Internet Chess Club"]
[Date "2009.02.23"]
[Round "4"]
[White "jjmolina"]
[Black "LoseOften"]
[Result "1-0"]
[WhiteElo "1748"]
[BlackElo "1787"]
[Opening "Dutch"]
[ECO "A80"]
[Time "13:32:52"]
[TimeControl "2700+45"]

1. d4 f5 2. Nc3 Nf6 3. Bg5 d5 4. Bxf6 exf6 5. e3 Be6 6. Bd3 Nc6 7. Qf3 Qd7 8. a3
O-O-O 9. Nge2 g5 10. h3 h5 11. g3 h4 12. O-O-O Na5 13. Bb5 c6 14. Bd3 Bd6 15.
Rde1 Nc4 16. Bxc4 dxc4 17. e4 g4 18. hxg4 fxg4 19. Qxf6 Rdf8 20. Qg5 Rxf2 21.
Rxh4 Rhf8 22. Qh6 Rg2 23. Nf4 Bxf4+ 24. gxf4 Re8 25. f5 Bxf5 26. Rhh1 Be6 27.
Qe3 Qe7 28. d5 Bxd5 29. Qxa7 Qg5+ 30. Kb1 Qd2 31. Qa8+ Kc7 32. Rh7+ Kd6 33. e5+
Rxe5 34. Qf8+ Ke6 35. Qe7+ Kf5 36. Qxe5+ Kg6 37. Rg7+ Kh6 38. Qf6+ Kh5 39. Rh7+
Qh6 40. Rxh6# {Black checkmated} 1-0

[Event "Team 45 45 League T40"]
[Site "Internet Chess Club"]
[Date "2009.02.22"]
[Round "4"]
[White "Steinwitz"]
[Black "katesolu"]
[Result "0-1"]
[WhiteElo "1709"]
[BlackElo "1763"]
[Opening "Sicilian: dragon, classical, 8.O-O"]
[ECO "B73"]
[Time "14:10:18"]
[TimeControl "2700+45"]

1. e4 c5 2. Nf3 d6 3. d4 cxd4 4. Nxd4 Nf6 5. Nc3 g6 6. Be2 Bg7 7. O-O Nc6 8. Be3
O-O 9. Rc1 Bd7 10. Kh1 Rc8 11. Nb3 a6 12. f3 Ne5 13. Nd2 b5 14. Ncb1 Be6 15. b3
Qa5 16. a3 Qc7 17. c4 bxc4 18. Nxc4 Nxc4 19. Bxc4 Bxc4 20. Rxc4 Qd7 21. Rxc8
Rxc8 22. Qd2 Qb5 23. Qd1 Nd7 24. Rf2 Nc5 25. Rc2 Qxb3 26. Qc1 Rb8 27. Nd2 Qxe3
{White resigns} 0-1

[Event "Team 45 45 League T40"]
[Site "Internet Chess Club"]
[Date "2009.02.22"]
[Round "4"]
[White "rojito"]
[Black "predkoo"]
[Result "1-0"]
[WhiteElo "1719"]
[BlackElo "1761"]
[Opening "QGD Slav: 3.Nf3"]
[ECO "D11"]
[Time "10:00:12"]
[TimeControl "2700+45"]

1. d4 d5 2. c4 c6 3. Nf3 Nf6 4. g3 Bf5 5. Nc3 e6 6. Bg2 Be7 7. O-O Nbd7 8. h3
O-O 9. Nh4 Bg6 10. Nxg6 hxg6 11. e4 dxc4 12. Qe2 b5 13. a4 a6 14. axb5 axb5 15.
Rxa8 Qxa8 16. d5 e5 17. Rd1 Rc8 18. dxc6 Qxc6 19. Nd5 Bc5 20. g4 Nxd5 21. Rxd5
f6 22. g5 Bd4 23. Be3 Bxe3 24. Qxe3 Nb6 25. Rd1 Rc7 26. gxf6 Qxf6 27. Qa3 Rf7
28. Qc5 Na4 29. Qxb5 Qxf2+ 30. Kh1 Nxb2 31. Rf1 Qxf1+ 32. Bxf1 Rxf1+ 33. Kg2 Rb1
34. Qxe5 Nd3 35. Qe6+ Kh7 36. Qxc4 Rb2+ 37. Kg3 Ne5 38. Qd5 {Black resigns} 1-0

[Event "Team 45 45 League T40"]
[Site "Internet Chess Club"]
[Date "2009.02.18"]
[Round "4"]
[White "avila"]
[Black "chessateer"]
[Result "0-1"]
[WhiteElo "1711"]
[BlackElo "1846"]
[Opening "Ruy Lopez: closed"]
[ECO "C90"]
[Time "18:30:46"]
[TimeControl "2700+45"]

1. e4 e5 2. Nf3 Nc6 3. Bb5 a6 4. Ba4 Nf6 5. O-O Be7 6. Re1 b5 7. Bb3 d6 8. h3
Na5 9. c3 Nxb3 10. axb3 O-O 11. b4 Bb7 12. d3 Nd7 13. g4 c5 14. bxc5 Nxc5 15.
Be3 Qc7 16. Qe2 Rfe8 17. Nbd2 d5 18. exd5 Bxd5 19. Bg5 f6 20. Bh4 Rad8 21. d4
exd4 22. Bg3 Qd7 23. Nxd4 Bd6 24. Qf1 Rxe1 25. Rxe1 Na4 26. Bxd6 Qxd6 27. Rb1
Re8 28. Qd3 Nxb2 29. Nf5 Nxd3 30. Nxd6 Re2 31. c4 Rxd2 32. cxd5 Nf4 33. Re1 h6
34. Re8+ Kh7 35. Nf5 Nxd5 36. Ra8 b4 37. Rxa6 b3 38. Ra7 b2 39. Rxg7+ Kh8 40.
Rb7 Rd1+ 41. Kg2 b1=Q 42. Rxb1 Rxb1 43. Nxh6 Rb3 44. h4 Nf4+ 45. Kg1 Kg7 46.
Nf5+ Kg6 47. Ne3 Nd3 48. f3 Ne5 49. Kf2 Kf7 50. f4 Rxe3 51. Kxe3 Nxg4+ 52. Ke4
Kg6 53. Kf3 Kh5 54. Kg3 Nh6 55. Kf3 Kxh4 56. Ke4 Kg4 57. Ke3 f5 58. Ke2 Kxf4 59.
Kf2 Ke4 60. Ke2 f4 61. Kf2 f3 62. Kf1 Ke3 63. Ke1 f2+ 64. Kf1 Nf7 65. Kg2 Ke2
66. Kh3 f1=Q+ 67. Kh4 {White resigns} 0-1

[Event "Team 45 45 League T40"]
[Site "Internet Chess Club"]
[Date "2009.02.21"]
[Round "4"]
[White "RLLN"]
[Black "vkpanch"]
[Result "1/2-1/2"]
[WhiteElo "1613"]
[BlackElo "1727"]
[Opening "Benkö gambit: main line"]
[ECO "A59"]
[Time "11:32:58"]
[TimeControl "2700+45"]

1. d4 Nf6 2. c4 c5 3. d5 b5 4. cxb5 a6 5. bxa6 Bxa6 6. Nc3 d6 7. e4 Bxf1 8. Kxf1
g6 9. Nf3 Bg7 10. g3 O-O 11. Kg2 Nbd7 12. h3 Qa5 13. Re1 Rfb8 14. Re2 Nb6 15. a3
Na4 16. Nxa4 Qxa4 17. Qxa4 Rxa4 18. Nd2 Nd7 19. Rb1 Ne5 20. b3 Rd4 21. Bb2 Rd3
22. a4 c4 23. Bxe5 Bxe5 24. Nxc4 Rdxb3 25. Rxb3 Rxb3 26. Ra2 Kf8 27. a5 Bd4 28.
a6 Rb8 29. Na5 Ra8 30. Nc6 Bb6 31. a7 Ke8 32. Ra6 Bc5 33. f4 Kd7 34. e5 e6 35.
Nb8+ Kd8 36. exd6 exd5 37. Kf1 d4 38. Ke2 h6 39. Kd3 Bxa7 40. Rxa7 Rxb8 41. Rxf7
Rb3+ 42. Kxd4 Rxg3 43. Ke5 g5 44. fxg5 hxg5 45. Ke6 Re3+ 46. Kf6 Rf3+ 47. Ke6
Re3+ 48. Kf6 Rf3+ 49. Kg6 Rxh3 50. Kxg5 Rd3 {Game drawn by mutual agreement}
1/2-1/2

[Event "Team 45 45 League T40"]
[Site "Internet Chess Club"]
[Date "2009.02.22"]
[Round "4"]
[White "Caminator"]
[Black "foodfight"]
[Result "1-0"]
[WhiteElo "1813"]
[BlackElo "1525"]
[Opening "Sicilian: closed, Korchnoi variation"]
[ECO "B23"]
[Time "11:09:01"]
[TimeControl "2700+45"]

1. e4 c5 2. Nc3 e6 3. g3 d5 4. exd5 exd5 5. Bg2 Nf6 6. d3 Be7 7. Bg5 Be6 8. Nge2
h6 9. Bxf6 Bxf6 10. Nf4 Na6 11. Nfxd5 Bxd5 12. Nxd5 Bxb2 13. Qe2+ Kf8 14. Rb1
Bd4 15. Rxb7 Qa5+ 16. Kf1 Re8 17. Re7 Qd8 18. Rxe8+ Qxe8 19. Qxe8+ Kxe8 20. Bh3
Kd8 21. c3 Be5 22. Ke2 Re8 23. Kd2 Nc7 24. Nxc7 Kxc7 25. Kc2 Bf6 26. Bg4 Bg5 27.
f4 Bf6 28. Rb1 g5 29. f5 Re3 30. Kd2 Re8 31. Bf3 Rb8 32. Rxb8 Kxb8 33. Bh5 Kc7
34. Bxf7 Kd6 35. g4 Be5 36. h3 Bf4+ 37. Ke2 Be5 38. c4 Bf4 39. Kf3 Ke5 40. Bd5
Bc1 41. Be4 Bf4 42. a4 a5 43. Ke2 Bc1 44. Kd1 Be3 45. Ke2 Bg1 46. Kf3 Bd4 47.
Kg3 Bg1 48. h4 Be3 49. h5 Bd4 50. Kf3 Bb2 51. Bb7 Bd4 52. Bc8 Bb2 53. f6 Kxf6
54. Ke4 Bd4 55. Kd5 Bf2 56. Kc6 Bd4 57. Kb5 {Black resigns} 1-0

[Event "Team 45 45 League T40"]
[Site "Internet Chess Club"]
[Date "2009.02.21"]
[Round "4"]
[White "Invicta-Knight"]
[Black "g8wrb"]
[Result "1-0"]
[WhiteElo "1573"]
[BlackElo "1533"]
[Opening "French: advance, Milner-Barry gambit"]
[ECO "C02"]
[Time "14:11:11"]
[TimeControl "2700+45"]

1. e4 e6 2. d4 d5 3. e5 c5 4. c3 Nc6 5. Nf3 Qb6 6. Bd3 cxd4 7. cxd4 Bd7 8. O-O
Nxd4 9. Nxd4 Qxd4 10. Qe2 Ne7 11. a3 Nc6 12. Re1 Be7 13. Kh1 Rc8 14. Nc3 a6 15.
f4 Qb6 16. Qg4 g6 17. Rf1 Qd4 18. Qe2 Bc5 19. Bd2 Ne7 20. Rf3 Nf5 21. g4 Nh4 22.
Be3 Nxf3 23. Bxd4 Nxd4 24. Qg2 Bc6 25. h4 Nb3 26. Rf1 d4 27. Ne4 Bxe4 28. Bxe4
b6 29. f5 exf5 30. gxf5 Rd8 31. fxg6 hxg6 32. Bc6+ Kf8 33. Qxg6 Rxh4+ 34. Kg2 f5
35. Rxf5+ Ke7 36. Qf7# {Black checkmated} 1-0

[Event "Team 45 45 League T40"]
[Site "Internet Chess Club"]
[Date "2009.02.23"]
[Round "4"]
[White "Visin"]
[Black "stputte"]
[Result "1/2-1/2"]
[WhiteElo "1309"]
[BlackElo "1371"]
[Opening "Alekhine's defense: Scandinavian variation"]
[ECO "B02"]
[Time "13:00:34"]
[TimeControl "2700+45"]

1. e4 Nf6 2. Nc3 d5 3. d3 dxe4 4. Nxe4 Nxe4 5. dxe4 Qxd1+ 6. Kxd1 e5 7. Ne2 Bc5
8. f3 O-O 9. Ng3 Nc6 10. c3 Rd8+ 11. Kc2 Be6 12. b4 Bb6 13. Bb5 Bd7 14. Bc4 a5
15. b5 Na7 16. Bg5 Rdc8 17. a4 c6 18. Rhd1 Be8 19. Nf5 Bd8 20. Bxd8 Rxd8 21. b6
Rxd1 22. Rxd1 Nc8 23. Rd8 Nxb6 24. Rxa8 Nxa8 25. Nd6 b5 26. Bxb5 cxb5 27. Nxe8
bxa4 28. Nd6 Nb6 29. Kb2 Kf8 30. Ka3 g6 31. Nb7 Ke7 32. Nxa5 Kd7 33. Kb4 Kc7 34.
Nc4 Nxc4 35. Kxc4 Kc6 36. Kb4 a3 37. Kxa3 Kc5 38. Kb3 Kb5 39. c4+ Kc5 40. Kc3 f5
41. exf5 gxf5 42. g4 e4 43. fxe4 fxe4 44. Kd2 Kxc4 45. Ke3 Kd5 46. h4 Ke5 47. h5
h6 48. g5 hxg5 49. h6 Kf6 50. Kxe4 Kg6 51. h7 Kxh7 52. Kf5 Kh6 53. Kg4 Kg6 54.
Kg3 Kh5 55. Kh3 g4+ 56. Kg3 Kg5 57. Kg2 Kf4 58. Kf2 g3+ 59. Kg2 Kg4 60. Kg1 Kf3
61. Kf1 g2+ 62. Kg1 Kg3 {White stalemated} 1/2-1/2

[Event "Team 45 45 League T40"]
[Site "Internet Chess Club"]
[Date "2009.02.22"]
[Round "4"]
[White "houseofcook"]
[Black "betto2506"]
[Result "0-1"]
[WhiteElo "1412"]
[BlackElo "1447"]
[Opening "Sicilian: Alapin's variation (2.c3)"]
[ECO "B22"]
[Time "11:30:07"]
[TimeControl "2700+45"]

1. e4 c5 2. c3 Nc6 3. Nf3 Nf6 4. e5 Nd5 5. Bc4 e6 6. O-O Be7 7. d4 Qc7 8. Re1
Nb6 9. Bb3 c4 10. Bc2 d5 11. Bf4 Bd7 12. Nbd2 f5 13. Nf1 h6 14. N3d2 O-O-O 15.
Ba4 g5 16. Bxc6 Bxc6 17. Bg3 f4 18. Bxf4 gxf4 19. a4 a5 20. Nf3 Qd7 21. b3 cxb3
22. Qxb3 Nc4 23. Red1 Rdg8 24. N1d2 Bd8 25. Kh1 Qg7 26. Rg1 h5 27. Nxc4 dxc4 28.
Qxc4 Qd7 29. Rab1 Qd5 30. Qd3 Bxa4 31. c4 Qd7 32. d5 exd5 33. cxd5 b5 34. Rbc1+
Kb7 35. d6 Ka7 36. Qd4+ Bb6 37. Qxf4 Ka6 38. Qe4 Bxf2 39. Rc6+ Bb6 40. e6 Re8
41. Nd4 b4 42. exd7 Rxe4 43. Rc8 Rd8 44. Nc6 Bxc6 45. Rxc6 Rxd7 46. Ra1 Kb5 47.
Rac1 Rd4 48. h3 R7xd6 49. R6c2 R6d5 50. Rf1 a4 51. Rcf2 b3 52. Rf5 Kb4 53. Rxd5
Rxd5 54. Rf6 Bd4 55. Rf7 b2 56. Rb7+ Rb5 {White resigns} 0-1

[Event "Team 45 45 League T40"]
[Site "Internet Chess Club"]
[Date "2009.02.21"]
[Round "4"]
[White "IanT"]
[Black "JimGaming"]
[Result "0-1"]
[WhiteElo "1294"]
[BlackElo "1336"]
[Opening "Sicilian: Alapin's variation (2.c3)"]
[ECO "B22"]
[Time "20:00:10"]
[TimeControl "2700+45"]

1. e4 c5 2. c3 g6 3. d4 cxd4 4. cxd4 d5 5. Nc3 Nf6 6. Bd3 dxe4 7. Bxe4 Nc6 8.
Nf3 Bg7 9. Be3 Nxe4 10. Nxe4 O-O 11. Qd2 Bg4 12. Bh6 Bxf3 13. Bxg7 Kxg7 14. gxf3
Nxd4 15. Qc3 Rc8 16. O-O-O Rxc3+ 17. bxc3 Ne2+ 18. Kc2 Qa5 19. Ra1 Rc8 20. Kd2
Nxc3 21. Nxc3 Qxc3+ 22. Ke2 Qb2+ 23. Ke3 Qe5+ 24. Kd2 Qd4+ 25. Ke2 Rc2+ 26. Ke1
Qxf2+ 27. Kd1 Qe2# {White checkmated} 0-1

[Event "Team 45 45 League T40"]
[Site "Internet Chess Club"]
[Date "2009.02.22"]
[Round "4"]
[White "BotanicalKnight"]
[Black "AndersO"]
[Result "1-0"]
[WhiteElo "1581"]
[BlackElo "1410"]
[Opening "French defense"]
[ECO "C00"]
[Time "07:00:06"]
[TimeControl "2700+45"]

1. e4 e6 2. g3 d5 3. e5 c5 4. d3 Nc6 5. f4 Nge7 6. Bg2 Nf5 7. Nc3 Be7 8. Nf3 O-O
9. O-O a6 10. a3 b5 11. Bd2 Qb6 12. Kh1 Bb7 13. Qe1 Ncd4 14. Rc1 Nxf3 15. Bxf3
Nd4 16. Bg2 Rac8 17. Ne2 Nf5 18. h3 c4 19. Qf2 Bc5 20. Qf3 Nd4 21. Nxd4 Bxd4 22.
c3 Bc5 23. d4 Be7 24. f5 exf5 25. Qxf5 Qg6 26. Qd7 Qe6 27. Qxb7 Bd8 28. Qxd5 Qg6
29. e6 Bf6 30. exf7+ Rxf7 31. Qe6 {Black resigns} 1-0

[Event "Team 45 45 League T40"]
[Site "Internet Chess Club"]
[Date "2009.02.22"]
[Round "4"]
[White "Esslinger"]
[Black "Sir-Anthony"]
[Result "1/2-1/2"]
[WhiteElo "1313"]
[BlackElo "1529"]
[Opening "Queen's pawn game"]
[ECO "A50"]
[Time "15:01:03"]
[TimeControl "2700+45"]

1. d4 Nf6 2. c4 c6 3. Nc3 e6 4. e4 d5 5. e5 Nfd7 6. cxd5 cxd5 7. Bd3 a6 8. Nge2
b5 9. a3 Nc6 10. O-O Be7 11. Qc2 Bg5 12. Nxb5 axb5 13. Qxc6 Rb8 14. Bxg5 Qxg5
15. Qd6 Qd8 16. Rac1 Rb6 17. Qb4 Rb8 18. Rc3 Qe7 19. Qxe7+ Kxe7 20. Rc7 h6 21.
Rfc1 Rd8 22. f4 g6 23. R1c5 Kf8 24. Rxb5 Rxb5 25. Bxb5 Nb8 26. a4 Ba6 27. Nc3
Kg7 28. Kf2 g5 29. fxg5 hxg5 30. b4 Rh8 31. h3 Kg6 32. a5 Bxb5 33. Nxb5 Na6 34.
Rb7 Nxb4 35. Nd6 Nc6 36. a6 Nxd4 37. Rxf7 Nc6 38. Rf6+ Kh5 39. Rxe6 Nd4 40. Re8
Rh7 41. Nb7 Nc6 42. Rc8 Na7 43. Rd8 Rf7+ 44. Ke3 Nc6 45. Rxd5 Re7 46. Ke4 Re8
47. Nd6 Ra8 48. Nb5 Rxa6 49. Rd6 Rb6 50. Nd4 Rb2 51. Nxc6 Rxg2 52. Rd3 Kh4 53.
Kf5 Rf2+ 54. Ke6 Rh2 55. Kd7 Rxh3 56. Rf3 g4 57. Rxh3+ gxh3 58. e6 h2 59. e7
h1=Q 60. e8=Q {Game drawn by mutual agreement} 1/2-1/2

[Event "Team 45 45 League T40"]
[Site "Internet Chess Club"]
[Date "2009.02.20"]
[Round "4"]
[White "goldengel"]
[Black "Mutaant"]
[Result "1-0"]
[WhiteElo "1459"]
[BlackElo "1424"]
[Opening "Ruy Lopez: classical (Cordel) defense"]
[ECO "C64"]
[Time "12:04:27"]
[TimeControl "2700+45"]

1. e4 e5 2. Nf3 Nc6 3. Bb5 Bc5 4. O-O Qf6 5. c3 Nge7 6. Re1 O-O 7. d4 exd4 8. e5
Qf5 9. cxd4 Bb6 10. Nc3 a6 11. Ba4 Ng6 12. Bc2 Qh5 13. Ne4 Nh4 14. Nxh4 Qxh4 15.
g3 Qe7 16. Bg5 Qb4 17. Qh5 g6 18. Nf6+ Kh8 19. Qxh7# {Black checkmated} 1-0

[Event "Team 45 45 League T40"]
[Site "Internet Chess Club"]
[Date "2009.02.21"]
[Round "4"]
[White "beerss"]
[Black "scottrugby"]
[Result "0-1"]
[WhiteElo "1407"]
[BlackElo "1464"]
[Opening "Bird's opening"]
[ECO "A02"]
[Time "20:00:11"]
[TimeControl "2700+45"]

1. f4 g6 2. Nf3 d5 3. e3 Bg7 4. Be2 Nh6 5. O-O O-O 6. d3 Nd7 7. Nbd2 c6 8. Nb3
Nf5 9. d4 Nd6 10. c3 Nf6 11. Ne5 Nfe4 12. Qe1 f6 13. Nd3 Bf5 14. Ndc5 Kh8 15.
Nxe4 Bxe4 16. Nc5 Qc8 17. Bf3 b6 18. Nxe4 dxe4 19. Be2 f5 20. Qd2 a6 21. Rb1 Rd8
22. Qc2 b5 23. b3 c5 24. c4 b4 25. d5 e6 26. Bb2 Ne8 27. Rfd1 exd5 28. Bxg7+
Nxg7 29. cxd5 Qb7 30. Qxc5 Rac8 31. Qd4 Rc2 32. Bd3 exd3 33. Rxd3 Rdc8 34. d6
Qxg2# {White checkmated} 0-1

[Event "Team 45 45 League T40"]
[Site "Internet Chess Club"]
[Date "2009.02.22"]
[Round "4"]
[White "Just-Jim"]
[Black "seldredg"]
[Result "0-1"]
[WhiteElo "1402"]
[BlackElo "1434"]
[Opening "Scandinavian: Pytel-Wade variation"]
[ECO "B01"]
[Time "13:00:09"]
[TimeControl "2700+45"]

1. e4 d5 2. exd5 Qxd5 3. Nc3 Qd6 4. h3 Nf6 5. Bc4 a6 6. d3 b5 7. Bb3 Bb7 8. Nf3
e6 9. O-O h6 10. Bd2 c5 11. Re1 Be7 12. Qe2 Bc8 13. Ne4 Nxe4 14. Qxe4 Nc6 15.
Bf4 f5 16. Bxd6 fxe4 17. Rxe4 Bxd6 18. Bxe6 Bxe6 19. Rxe6+ Kd7 20. Rae1 Rhe8 21.
Rxe8 Rxe8 22. Rxe8 Kxe8 23. c3 Bf4 24. b3 Ke7 25. g3 Bc1 26. Kf1 Ke6 27. Ke2 Bb2
28. c4 Nb4 29. cxb5 axb5 30. a3 Bxa3 31. Nd2 Kd5 32. Ne4 Bb2 33. f4 Nc2 34. Kd2
Nd4 35. f5 Nxf5 36. Kc2 Be5 37. g4 Nd4+ 38. Kb2 Ne2+ 39. Kc2 Nd4+ 40. Kb2 Nc6+
41. Kc2 Nb4+ 42. Kd2 Bf4+ 43. Kc3 Be5+ 44. Kd2 Kd4 45. Nf2 Bf4+ 46. Ke2 Nd5 47.
Ne4 b4 48. h4 Be3 49. Nd6 Nc3+ 50. Kf3 Kxd3 51. Nf5 Bd4 52. h5 c4 53. bxc4 b3
54. c5 Bxc5 55. Nxg7 b2 56. Ne6 Bd6 {White resigns} 0-1

[Event "Team 45 45 League T40"]
[Site "Internet Chess Club"]
[Date "2009.02.20"]
[Round "4"]
[White "wrimle"]
[Black "thefranman"]
[Result "0-1"]
[WhiteElo "1444"]
[BlackElo "1311"]
[Opening "Sicilian: closed"]
[ECO "B23"]
[Time "15:01:06"]
[TimeControl "2700+45"]

1. e4 c5 2. Nc3 d6 3. g3 e6 4. Bg2 Nf6 5. d3 Nc6 6. h3 Be7 7. Nge2 O-O 8. O-O a6
9. Be3 Bd7 10. f4 Rc8 11. g4 b5 12. a3 Qc7 13. Rc1 Qd8 14. Ng3 Nd4 15. e5 dxe5
16. fxe5 Ne8 17. Nce4 Nc7 18. c3 Nd5 19. Bxd4 cxd4 20. Qe2 dxc3 21. bxc3 Bxa3
22. Rc2 Be7 23. Qd2 f6 24. exf6 Nxf6 25. Nxf6+ Bxf6 26. Nh5 Be7 27. Be4 Rxf1+
28. Kxf1 Qf8+ 29. Kg2 Qf7 30. Qf4 Qxf4 31. Nxf4 Rf8 32. Ne2 Bh4 33. Nd4 Kf7 34.
Nf3 Bf6 35. Bxh7 Bc6 36. Kf2 g6 37. g5 Bh8 38. Ne5+ Bxe5 39. Ke3 Kg7 40. Bxg6
Kxg6 41. d4 Rf3+ 42. Kd2 Bf4+ 43. Ke1 Rxh3 44. Re2 Re3 45. Rxe3 Bxe3 46. Ke2
Bxg5 47. Kd3 Kf5 48. c4 bxc4+ 49. Kxc4 Bb5+ 50. Kc5 Bd8 51. d5 exd5 52. Kxd5 a5
53. Kd4 a4 54. Kc3 Be7 55. Kb2 a3+ 56. Ka2 Bc4+ 57. Ka1 Bf6+ 58. Kb1 a2+ 59. Kc2
a1=Q 60. Kd2 Qa3 61. Kc2 Qc3+ 62. Kd1 Qb2 63. Ke1 Qe2# {White checkmated} 0-1

[Event "Team 45 45 League T40"]
[Site "Internet Chess Club"]
[Date "2009.02.22"]
[Round "4"]
[White "parrot9"]
[Black "az2112"]
[Result "0-1"]
[WhiteElo "1695"]
[BlackElo "1775"]
[Opening "King's Indian: Sämisch, 6...Nc6"]
[ECO "E83"]
[Time "12:02:49"]
[TimeControl "2700+45"]

1. d4 Nf6 2. c4 g6 3. Nc3 Bg7 4. e4 d6 5. f3 O-O 6. Be3 Nc6 7. Bd3 e5 8. Nge2
Ng4 9. fxg4 exd4 10. Nxd4 Nxd4 11. Be2 Nxe2 12. Qxe2 Qh4+ 13. Kd2 Bxg4 14. Qd3
c6 15. h3 Be6 16. Kc2 Rfd8 17. Qd2 d5 18. Bg5 Bxc3 19. Bxh4 Bxd2 20. Bxd8 dxe4
21. Bf6 e3 22. b3 Bf5+ 23. Kd1 Be4 24. Ke2 Bxg2 25. Rh2 Be4 26. Bg5 Bc3 27. Rd1
Be5 28. Kxe3 Bxh2 29. Kxe4 Re8+ 30. Kf3 f6 31. Be3 Kf7 32. Bxa7 Ke6 33. Re1+ Be5
34. Bc5 Rd8 35. Re2 Rd3+ 36. Kg4 h5+ 37. Kh4 Kf5 38. Re3 Rxe3 39. Bxe3 Ke4 40.
Bc5 Kf3 {White resigns} 0-1

[Event "Team 45 45 League T40"]
[Site "Internet Chess Club"]
[Date "2009.02.20"]
[Round "4"]
[White "Dostoy"]
[Black "ElmerHo"]
[Result "1-0"]
[WhiteElo "1643"]
[BlackElo "1572"]
[Opening "Queen's pawn game, Rubinstein (Colle-Zukertort) variation"]
[ECO "D05"]
[Time "22:15:42"]
[TimeControl "2700+45"]

1. d4 d5 2. Nf3 Nf6 3. e3 e6 4. Bd3 c5 5. b3 Nc6 6. Bb2 Bd6 7. O-O O-O 8. a3 Re8
9. Ne5 cxd4 10. exd4 Qc7 11. f4 Qe7 12. Nd2 Nd7 13. c4 f6 14. Bxh7+ {Black
resigns} 1-0